 Dungeon Sprint DCSS version 0.21.1-1-g345015f (webtiles) character file.

18500000 doot the Conqueror (level 27, -3/272 (273) HPs)
             Began as a Ghoul Warper on May 5, 2018.
             Was the Champion of Makhleb.
             Slain by The Servant
             ... wielding a +9 glaive of flaming
              (8 damage)
             ... in the Dungeon (Sprint VIII: "Arena of Blood").
             The game lasted 00:10:03 (185 turns).

doot the Conqueror (Ghoul Warper)                    Turns: 185, Time: 00:10:04

HP:   -3/272 (273)  AC:  6    Str: 19    XL:     27
MP:   51/53         EV: 32    Int:  8    God:    Makhleb [******]
Gold: 0             SH:  0    Dex: 17    Spells: 80/80 levels left

rFire    . . .     SeeInvis .   k - +∞ Axe of Woe
rCold    + . .     Gourm    .   (shield currently unavailable)
rNeg     + + +     Faith    .   a - +0 leather armour
rPois    ∞         Spirit   .   (no helmet)
rElec    .         Reflect  .   (no cloak)
rCorr    .         Harm     .   (no gloves)
MR       ++...     NoTele   +   (no boots)
Stlth    +++++++++.             (no amulet)
HPRegen  0.00/turn              (no ring)
MPRegen  0.33/turn              (no ring)

@: rotting, hasted and slowed
A: rotting body, claws 1, carnivore, cold resistance 1, negative energy
resistance 3, inhibited regeneration, torment resistance, unbreathing
a: Minor Destruction, Lesser Servant of Makhleb, Major Destruction, Greater
Servant of Makhleb, Renounce Religion


You were in the Dungeon.
You worshipped Makhleb.
Makhleb was exalted by your worship.
You were not hungry.

You visited 1 branch

Inventory:

Hand Weapons
 k - the +∞ Axe of Woe (weapon)
   (You found it in the Dungeon)
Missiles
 d - 5 tomahawks of dispersal (quivered)
Armour
 a - a +0 leather armour (worn)
Scrolls
 c - 2 scrolls of blinking
Potions
 e - a potion of curing
 g - a potion of heal wounds
 i - 2 potions of magic
 j - a potion of berserk rage
Books
 b - a book of Spatial Translocations

   Spells                             Type                      Level
   a - Blink                          Translocation                2
   b - Shroud of Golubria             Charms/Translocation         2
   c - Lesser Beckoning               Translocation                3
   d - Gell's Gravitas                Translocation                3
   e - Teleport Other                 Translocation                3
   f - Passage of Golubria            Translocation                4
Comestibles
 f - a ration


   Skills:
 O Level 27 Fighting
 O Level 27 Axes
 O Level 27 Throwing
 O Level 27 Armour
 O Level 27 Dodging
 O Level 27 Stealth
 O Level 27 Unarmed Combat
 O Level 27 Spellcasting
   Level 2.6 Translocations
 O Level 27 Invocations


You had 80 spell levels left.
You didn't know any spells.

Dungeon Overview and Level Annotations

Branches:
Dungeon (1/1)

Altars:
Makhleb

Annotations:
D The Servant


Innate Abilities, Weirdness & Mutations

Your body is rotting away.
You thrive on raw meat.
You are immune to poison.
You have sharp fingernails.
You are carnivorous and can eat meat at any time.
Your flesh is cold resistant. (rC+)
You are immune to negative energy. (rN+++)
You do not regenerate when monsters are visible.
You are immune to unholy pain and torment.
You can survive without breathing.


Message History

You dissect the large bag of meat like a pig carcass.
The large bag of meat explodes!
The fiery explosion engulfs you!
* * * LOW HITPOINT WARNING * * *
The fiery explosion engulfs the dread.
Makhleb accepts your kill.
You feel better.
You hit something.
You hew something savagely.
Makhleb accepts your kill.
You feel better.
Reactivating autopickup.
You are engulfed in blazing flames.
You hear a shout!
You feel something staring at you. Something smites you!
* * * LOW HITPOINT WARNING * * *
The destroyer blinks!
You hear a shout!
The Servant hits you from afar with a +9 glaive of flaming!!!
* * * LOW HITPOINT WARNING * * *
The Servant burns you!
You die...

.... .. ... ....%
#... ..%# #... #...
...# p ....###...
..%###.S
.......%.###.%..D.
.#...§..%2_...z...
.......#%))§W#
.......#_)@§§#
....M.)#)))§§#...
#....xo)@_)%..%.§
....V.))o###M....%
.o..###.......###o.
... #.....p.# . .
#S.....D# .........
...........


You could see an accursed, The Servant, 2 eight-headed meat hydras, a destroyer,
a scourge, a fleshlord, a sculptor of flesh, a dread, 3 bags of meat, a crawling
corpse and a friendly green death.

Vanquished Creatures
  11 hell knights (D)
  Sigmund (D)
  16 hell beasts (D)
  6 greater mummies (D)
  9 great orbs of eyes (D)
  10 wraiths (D)
  20 vampire knights (D)
  47 ogres (D)
  9 two-headed ogres (D)
  10 liches (D)
  12 hydras (D)
  81 orcs (D)
  5 phantoms (D)
  6 skeletal warriors (D)
  10 sea snakes (D)
  14 large abominations (D)
  10 small abominations (D)
  13 crawling corpses (D)
290 creatures vanquished.

Vanquished Creatures (others)
  4 crawling corpses (D)
4 creatures vanquished.

Grand Total: 294 creatures vanquished

Notes
Turn   | Place    | Note
-------+----------+-------------------------------------------
     0 | D        | Found the +∞ Axe of Woe
     0 | D        | doot the Ghoul Warper began the quest for the Orb.
     0 | D        | Reached XP level 1. HP: 17/17 MP: 2/2
     3 | D        | Noticed a bag of meat
     4 | D        | Noticed a bag of meat
     4 | D        | Became a worshipper of Makhleb the Destroyer
     5 | D        | Noticed a bag of meat
     6 | D        | Noticed a bag of meat
     6 | D        | Noticed a bag of meat
     7 | D        | Noticed a meat berserker
     7 | D        | Noticed a meat berserker
     8 | D        | Noticed a bag of meat
     9 | D        | Noticed a bag of meat
     9 | D        | Killed a bag of meat
     9 | D        | Reached XP level 2. HP: 47/47 MP: 2/15
     9 | D        | Reached XP level 3. HP: 53/53 MP: 2/17
     9 | D        | Reached XP level 4. HP: 61/61 MP: 2/18
     9 | D        | Reached XP level 5. HP: 68/68 MP: 2/20
     9 | D        | Reached XP level 6. HP: 75/75 MP: 2/21
     9 | D        | Reached XP level 7. HP: 82/82 MP: 2/23
     9 | D        | Reached XP level 8. HP: 90/90 MP: 2/24
     9 | D        | Reached XP level 9. HP: 96/96 MP: 2/25
     9 | D        | Reached XP level 10. HP: 104/104 MP: 2/26
     9 | D        | Reached XP level 11. HP: 111/111 MP: 2/27
     9 | D        | Reached XP level 12. HP: 118/118 MP: 2/28
    10 | D        | Noticed a bag of meat
    10 | D        | Noticed a meat berserker
    10 | D        | Killed a meat berserker
    10 | D        | Reached * piety under Makhleb
    10 | D        | Reached skill level 15 in Dodging
    10 | D        | Reached XP level 13. HP: 71/134 MP: 2/33
    10 | D        | Reached XP level 14. HP: 75/141 MP: 2/34
    10 | D        | Killed a bag of meat
    10 | D        | Killed a meat berserker
    10 | D        | Reached XP level 15. HP: 84/157 MP: 2/38
    11 | D        | Noticed a meat berserker
    11 | D        | Noticed a meat berserker
    11 | D        | Reached ** piety under Makhleb
    11 | D        | Reached skill level 10 in Axes
    11 | D        | Reached XP level 16. HP: 28/167 MP: 2/39
    11 | D        | Reached *** piety under Makhleb
    11 | D        | Reached XP level 17. HP: 131/180 MP: 2/42
    12 | D        | Noticed a meat berserker
    12 | D        | Killed a meat berserker
    13 | D        | Noticed a meat berserker
    13 | D        | Noticed a meat berserker
    13 | D        | Killed a meat berserker
    13 | D        | Reached skill level 10 in Throwing
    13 | D        | Reached skill level 10 in Armour
    13 | D        | Reached XP level 18. HP: 196/196 MP: 3/46
    13 | D        | Killed a meat berserker
    13 | D        | Reached **** piety under Makhleb
    13 | D        | Reached skill level 27 in Fighting
    14 | D        | Killed a meat berserker
    14 | D        | Reached skill level 27 in Unarmed Combat
    14 | D        | Reached skill level 27 in Spellcasting
    14 | D        | Reached XP level 19. HP: 207/207 MP: 4/49
    15 | D        | Killed a meat berserker
    15 | D        | Reached ***** piety under Makhleb
    15 | D        | Reached XP level 20. HP: 159/216 MP: 4/50
    15 | D        | Reached skill level 27 in Axes
    16 | D        | Noticed a meat berserker
    17 | D        | Noticed a meat berserker
    17 | D        | Noticed a meat berserker
    17 | D        | Noticed a meat berserker
    17 | D        | Noticed a meat berserker
    18 | D        | Noticed a meat berserker
    18 | D        | Reached skill level 15 in Throwing
    18 | D        | Reached skill level 15 in Armour
    18 | D        | Reached skill level 27 in Dodging
    18 | D        | Killed a meat berserker
    18 | D        | Reached XP level 21. HP: 224/224 MP: 5/51
    21 | D        | Killed a meat berserker
    21 | D        | Killed a meat berserker
    21 | D        | Killed a meat berserker
    21 | D        | Reached XP level 22. HP: 233/233 MP: 6/52
    22 | D        | Reached skill level 27 in Throwing
    22 | D        | Reached skill level 27 in Armour
    22 | D        | Reached ****** piety under Makhleb
    22 | D        | Reached XP level 23. HP: 240/240 MP: 6/53
    22 | D        | Reached skill level 27 in Stealth
    23 | D        | Noticed a destroyer
    23 | D        | Reached skill level 27 in Invocations
    25 | D        | Noticed a destroyer
    27 | D        | Noticed a large bag of meat
    28 | D        | Reached XP level 24. HP: 249/249 MP: 8/53
    28 | D        | Killed a destroyer
    29 | D        | Killed a large bag of meat
    31 | D        | Noticed a large bag of meat
    31 | D        | Killed a destroyer
    31 | D        | Reached XP level 25. HP: 227/257 MP: 8/53
    33 | D        | Noticed a destroyer
    35 | D        | Noticed a destroyer
    36 | D        | Noticed a destroyer
    36 | D        | Reached XP level 26. HP: 266/266 MP: 10/53
    37 | D        | Noticed a destroyer
    38 | D        | Killed a large bag of meat
    41 | D        | Noticed a large bag of meat
    41 | D        | Noticed a large bag of meat
    42 | D        | Killed a large bag of meat
    44 | D        | Killed a destroyer
    44 | D        | Reached XP level 27. HP: 273/273 MP: 12/53
    44 | D        | Killed a destroyer
    45 | D        | Noticed a large bag of meat
    45 | D        | Killed a destroyer
    46 | D        | Killed a destroyer
    46 | D        | Killed a large bag of meat
    46 | D        | Noticed a tyrant
    47 | D        | Killed a large bag of meat
    50 | D        | Noticed a destroyer
    53 | D        | Killed a destroyer
    55 | D        | Noticed a large bag of meat
    56 | D        | Killed a tyrant
    57 | D        | Noticed a destroyer
    59 | D        | Noticed The Captor
    61 | D        | Noticed a destroyer
    62 | D        | Killed The Captor
    64 | D        | Killed a large bag of meat
    65 | D        | Killed a destroyer
    66 | D        | Noticed an accursed
    66 | D        | Noticed a meat beast
    67 | D        | Killed a destroyer
    68 | D        | Killed a meat beast
    70 | D        | Noticed a meat beast
    72 | D        | Noticed a tyrant
    74 | D        | Killed an accursed
    75 | D        | Killed a meat beast
    76 | D        | Noticed a meat beast
    77 | D        | Noticed a dread
    78 | D        | Noticed a meat beast
    78 | D        | Noticed a dread
    79 | D        | Noticed a large bag of meat
    79 | D        | Noticed a meat beast
    79 | D        | Killed a meat beast
    80 | D        | Noticed a meat beast
    80 | D        | Noticed a dread
    81 | D        | Killed a tyrant
    83 | D        | Killed a meat beast
    83 | D        | Killed a meat beast
    83 | D        | Killed a meat beast
    86 | D        | Killed a dread
    87 | D        | Killed a large bag of meat
    89 | D        | Killed a dread
    94 | D        | Killed a dread
    95 | D        | Noticed a tyrant
    96 | D        | Noticed an accursed
    96 | D        | Killed a tyrant
    97 | D        | Noticed a meat beast
    97 | D        | Killed a meat beast
   101 | D        | Noticed a dread
   101 | D        | Noticed a meat beast
   102 | D        | Noticed a tyrant
   104 | D        | Killed a meat beast
   104 | D        | Killed an accursed
   105 | D        | Noticed an accursed
   105 | D        | Noticed a tyrant
   106 | D        | Noticed a destroyer
   109 | D        | Noticed a destroyer
   109 | D        | Killed a destroyer
   110 | D        | Noticed a destroyer
   112 | D        | Noticed a large bag of meat
   112 | D        | Noticed a destroyer
   114 | D        | Killed a destroyer
   114 | D        | Killed a tyrant
   116 | D        | Killed a destroyer
   117 | D        | Killed a tyrant
   120 | D        | Killed a large bag of meat
   121 | D        | Noticed a dread
   121 | D        | Killed an accursed
   123 | D        | Noticed a meat beast
   123 | D        | Noticed a tyrant
   124 | D        | Killed a dread
   124 | D        | Killed a dread
   125 | D        | Killed a meat beast
   126 | D        | Noticed an accursed
   126 | D        | Noticed a meat beast
   128 | D        | Killed a meat beast
   129 | D        | Noticed a meat beast
   129 | D        | Noticed a tyrant
   131 | D        | Noticed a fleshlord
   131 | D        | Killed a tyrant
   133 | D        | Noticed a fleshlord
   133 | D        | Noticed a destroyer
   133 | D        | Killed a tyrant
   133 | D        | Killed a meat beast
   133 | D        | Killed a fleshlord
   134 | D        | Noticed a tyrant
   135 | D        | Killed a destroyer
   136 | D        | Noticed a destroyer
   138 | D        | Noticed a fleshlord
   138 | D        | Noticed a fleshlord
   138 | D        | Noticed a meat beast
   138 | D        | Noticed a tyrant
   139 | D        | Killed a destroyer
   140 | D        | Noticed a destroyer
   140 | D        | Noticed a destroyer
   141 | D        | Killed a fleshlord
   141 | D        | Killed a tyrant
   141 | D        | Killed a meat beast
   143 | D        | Noticed a meat beast
   143 | D        | Killed a fleshlord
   144 | D        | Noticed a dread
   145 | D        | Noticed a destroyer
   145 | D        | Killed a fleshlord
   145 | D        | Killed a tyrant
   146 | D        | Noticed a fleshlord
   146 | D        | Killed a destroyer
   146 | D        | Killed a meat beast
   147 | D        | Noticed a fleshlord
   147 | D        | Noticed a fleshlord
   147 | D        | Noticed a meat beast
   148 | D        | Noticed a destroyer
   148 | D        | Killed a destroyer
   149 | D        | Noticed a fleshlord
   149 | D        | Killed a dread
   150 | D        | Noticed a dread
   150 | D        | Killed a destroyer
   150 | D        | Killed a meat beast
   152 | D        | Killed a fleshlord
   154 | D        | Killed a destroyer
   154 | D        | Killed a fleshlord
   155 | D        | Killed a fleshlord
   156 | D        | Noticed a fleshlord
   156 | D        | Noticed a meat beast
   157 | D        | Killed an accursed
   157 | D        | Killed a dread
   158 | D        | Noticed a fleshlord
   159 | D        | Noticed a destroyer
   159 | D        | Noticed an accursed
   159 | D        | Killed a meat beast
   160 | D        | Noticed a dread
   160 | D        | Killed a fleshlord
   161 | D        | Killed a fleshlord
   162 | D        | Noticed a destroyer
   162 | D        | Noticed a tyrant
   162 | D        | Killed a fleshlord
   162 | D        | Killed a destroyer
   163 | D        | Noticed an accursed
   163 | D        | Killed a destroyer
   164 | D        | Killed an accursed
   165 | D        | Noticed a dread
   165 | D        | Noticed a fleshlord
   166 | D        | Noticed The Servant
   167 | D        | Noticed a dread
   168 | D        | Killed a tyrant
   168 | D        | Killed a dread
   168 | D        | Killed a dread
   169 | D        | Noticed a meat beast
   171 | D        | Killed a dread
   173 | D        | Killed a fleshlord
   175 | D        | Killed a meat beast
   177 | D        | Noticed an accursed
   177 | D        | Noticed a large bag of meat
   177 | D        | Noticed a fleshlord
   178 | D        | Noticed a dread
   180 | D        | Noticed a fleshlord
   180 | D        | Killed an accursed
   182 | D        | Noticed a destroyer
   185 | D        | Killed a large bag of meat
   185 | D        | HP: 12/272 [large bag of meat/exploding inner flame (32)]
   185 | D        | HP: 5/272 [The Servant/+9 glaive of flaming (70)]
   185 | D        | Slain by The Servant

Skill      XL: |  1  2  3  4  5  6  7  8  9 10 11 12 13 14 15 16 17 18 19 20 21 22 23 |
---------------+----------------------------------------------------------------------+-----
Fighting       | 14 17 20 21 23 26 27 | 27.0
Axes           | 4 6 9 10 13 16 20 26 27 | 27.0
Throwing       | 4 6 7 8 9 10 11 12 19 26 27 | 27.0
Armour         | 4 6 7 8 9 10 11 12 19 26 27 | 27.0
Dodging        | 12 15 17 18 19 21 23 26 27 | 27.0
Unarmed Combat | 14 18 21 23 25 27 | 27.0
Spellcasting   | 13 17 20 22 25 27 | 27.0
Stealth        | 26 27 | 27.0
Invocations    | 24 27 | 27.0
Translocations | |  2.6

Action                   |  1- 3 |  4- 6 |  7- 9 | 10-12 | 13-15 | 16-18 | 19-21 | 22-24 | 25-27 || total
-------------------------+-------+-------+-------+-------+-------+-------+-------+-------+-------++-------
Melee: Executioner's axe |     1 |       |       |     1 |     1 |     3 |     3 |     7 |   114 ||   130
Invok: Greater Servant o |       |       |       |       |       |       |       |       |     8 ||     8
  Use: Potion            |       |       |       |       |       |       |       |       |     1 ||     1
 Stab: Distracted        |       |       |       |       |       |       |       |       |     1 ||     1
Armor: Leather armour    |       |       |       |       |       |       |       |       |     4 ||     4
Dodge: Dodged            |       |       |       |     1 |       |       |     1 |     1 |    10 ||    13
